 Dungeon Crawl Stone Soup version 0.21-a0-552-g593960d (webtiles) character file.

1458 Klosterheim the Ogre Mage (level 8, -2/80 HPs)
             Began as an Ogre Wizard on Dec 17, 2017.
             Slain by a centaur
             ... wielding a +0 falchion
              (18 damage)
             ... on level 6 of the Dungeon.
             The game lasted 00:19:12 (8254 turns).

Klosterheim the Ogre Mage (Ogre Wizard)             Turns: 8254, Time: 00:19:13

Health: -2/80      AC:  6    Str: 12    XL:     8   Next: 76%
Magic:  3/16       EV: 10    Int: 21    God:
Gold:   494        SH:  0    Dex:  7    Spells: 7/18 levels left

rFire    . . .     SeeInvis .   x - +0 giant club
rCold    . . .     Gourm    .   (shield currently unavailable)
rNeg     . . .     Faith    .   a - +0 robe
rPois    .         Spirit   .   b - +0 hat
rElec    +         Reflect  .   (no cloak)
rCorr    .         Harm     .   (gloves unavailable)
MR       .....                  (boots unavailable)
Stlth    +.........             (no amulet)
HPRegen  0.23/turn              i - +3 ring of protection
MPRegen  0.15/turn              f - +3 ring of slaying

@: no status effects
A: large, unfitting armour, electricity resistance, tough skin 1, evolution 1
a: no special abilities


You were on level 6 of the Dungeon.
You were hungry.

You visited 1 branch of the dungeon, and saw 6 of its levels.
You also visited: Ossuary.

You collected 494 gold pieces.

Inventory:

Hand Weapons
 j - a +1 flail
 x - a +0 giant club (weapon)
Armour
 a - a +0 robe (worn)
 b - a +0 hat (worn)
Jewellery
 f - a +3 ring of slaying (right hand)
 i - a +3 ring of protection (left hand)
Wands
 m - a wand of flame (91)
 t - a wand of acid (2)
Scrolls
 h - a scroll of acquirement {unknown}
 l - a scroll of magic mapping
 s - a scroll of teleportation {unknown}
 u - a scroll of noise {unknown}
 v - 2 scrolls of remove curse
Potions
 e - 2 potions of brilliance {unknown}
 g - a potion of berserk rage
 k - 3 potions of curing
 p - 4 potions of haste {unknown}
 q - a potion of heal wounds {unknown}
 r - a potion of cancellation
 w - 2 potions of lignification
Books
 c - a book of Minor Magic

   Spells                             Type                      Level
   a - Magic Dart                     Conjuration                  1
   b - Blink                          Translocation                2
   c - Call Imp                       Summoning                    2
   d - Slow                           Hexes                        2
   e - Conjure Flame                  Conjuration/Fire             3
   f - Mephitic Cloud                 Conjuration/Poison/Air       3
Comestibles
 d - 7 bread rations
 n - 3 royal jellies
 o - 2 meat rations


   Skills:
 + Level 5.3 Fighting
 * Level 5.3 Maces & Flails
 + Level 2.0 Dodging
 - Level 1.4 Stealth
 + Level 5.9 Spellcasting
 * Level 5.6 Conjurations
 - Level 0.8 Summonings
 - Level 0.8 Translocations


You had 7 spell levels left.
You knew the following spells:

 Your Spells              Type           Power        Failure   Level  Hunger
a - Magic Dart            Conj           ####         1%          1    None
b - Blink                 Tloc           N/A          11%         2    None
c - Call Imp              Summ           #.......     11%         2    None
d - Mephitic Cloud        Conj/Pois/Air  ##......     14%         3    ##.....
e - Conjure Flame         Conj/Fire      ###.....     10%         3    ##.....


Dungeon Overview and Level Annotations

Branches:
Dungeon (6/15)
 Temple: D:4-7

Altars:
Cheibriados
Dithmenos
Elyvilon
Ru
Xom

Annotations:
D:6 1 runed door


Innate Abilities, Weirdness & Mutations

You are too large for most types of armour.
You have tough skin. (AC +1)
You are resistant to electric shocks. (rElec)
You evolve.


Message History

The centaur rages.
The bullfrog hits you.
* * * LOW HITPOINT WARNING * * *
The centaur closely misses you.
Found 12 gold pieces.
Found an escape hatch in the floor.
Okay, then.
Casting: Mephitic Cloud
Confirm with . or Enter, or press ? or * to list all spells.
You blink.
The centaur rages.
The centaur hits you with an uncursed falchion!
* * * LOW HITPOINT WARNING * * *
The centaur barely misses you. The bullfrog hits you.
* * * LOW HITPOINT WARNING * * *
Okay, then.
Okay, then.
You feel better.
The centaur hits you but does no damage.
The centaur hits you with an uncursed falchion!!
You die...

*,,,,,,,,* *******,,* *,,*
######## ########.,* #..,...#
.........,* #.####.######
########.######### #.#..........
**,,,,,..........####.#.##.#####.
*,,,****#..###.#........##.# #.
*,,,* #..#...(@..##......# #.
*,,,* #..5(..ZcF.##.###### ##
*,,,* #......#.#.##.# #
*,,.****#.........ยง>..#****
##### *,..,............#........*
#.... #...,####.#..##.##........*
#..## ....,*,..................>*
#..## ....,.......###.#.........*
#..#. ....,PPP...###...........$*
#..#.


You could see a bullfrog, a centaur (berserk), a centaur zombie and a friendly
crimson imp.

Vanquished Creatures
  Sigmund (D:3)
  Eustachio (D:5)
  A black bear (D:6)
  A sky beast (D:6)
  A phantom (D:5)
  An ogre (D:5)
  A centaur (D:6)
  2 bullfrogs (D:6)
  A crimson imp (D:5)
  A bullfrog zombie (D:5)
  An orc priest (D:3)
  An orc wizard (D:4)
  A bullfrog skeleton (D:5)
  An iguana (D:5)
  2 worker ants
  8 mummies (Ossuary)
  A worker ant zombie (D:5)
  4 adders
  A gnoll (D:1)
  3 shadow imps
  2 oozes
  2 adder skeletons
  4 worms
  4 dart slugs
  14 orcs
  10 bats
  6 giant cockroaches
  10 goblins
  13 hobgoblins
  3 jackals (D:4)
  13 kobolds
  A quokka (D:5)
  2 ball pythons
  3 frilled lizards
  A gnoll zombie (Ossuary)
  A hobgoblin zombie (Ossuary)
  4 kobold zombies (Ossuary)
  2 orc zombies (Ossuary)
  4 rats
133 creatures vanquished.

Vanquished Creatures (collateral kills)
  A water moccasin zombie (D:5)
  A jelly (D:5)
  An orc priest (D:4)
  A worker ant (D:5)
  3 adders (D:3)
  2 orcs (D:4)
  A hobgoblin (D:3)
10 creatures vanquished.

Grand Total: 143 creatures vanquished

Notes
Turn   | Place    | Note
-------+----------+-------------------------------------------
     0 | D:1      | Klosterheim the Ogre Wizard began the quest for the Orb.
     0 | D:1      | Reached XP level 1. HP: 16/16 MP: 5/5
    31 | D:1      | Reached skill level 1 in Conjurations
   196 | D:1      | Reached XP level 2. HP: 13/24 MP: 0/6
   794 | D:1      | Reached XP level 3. HP: 32/32 MP: 6/8
   798 | D:1      | Learned a level 2 spell: Blink
   801 | D:1      | Learned a level 2 spell: Call Imp
  1029 | D:1      | Reached skill level 1 in Fighting
  1079 | D:1      | Reached skill level 1 in Maces & Flails
  1518 | D:2      | Found a shadowy altar of Dithmenos.
  2343 | D:3      | Reached XP level 4. HP: 32/41 MP: 3/10
  2458 | D:3      | Noticed Sigmund
  2600 | D:3      | Killed Sigmund
  2600 | D:3      | Reached XP level 5. HP: 35/50 MP: 0/11
  2906 | D:3      | Reached XP level 6. HP: 55/59 MP: 12/12
  4344 | D:5      | Entered Level 5 of the Dungeon
  4672 | D:5      | Reached XP level 7. HP: 13/67 MP: 1/14
  4673 | D:5      | Gained mutation: You evolve. [potion of mutation]
  5143 | D:5      | Reached skill level 5 in Spellcasting
  5296 | D:5      | Learned a level 3 spell: Mephitic Cloud
  5508 | D:5      | Noticed Eustachio
  5527 | D:5      | Killed Eustachio
  5796 | D:5      | Gained mutation: You are resistant to electric shocks. (rElec) [evolution]
  5946 | D:5      | Reached XP level 8. HP: 67/79 MP: 8/15
  6055 | D:5      | Found a shimmering altar of Xom.
  7094 | D:6      | Found a sand-covered staircase.
  7106 | Ossuary  | Entered an ossuary
  7368 | Ossuary  | Reached skill level 5 in Conjurations
  7501 | Ossuary  | Learned a level 3 spell: Conjure Flame
  7710 | D:6      | Reached skill level 5 in Fighting
  7720 | D:6      | Reached skill level 5 in Maces & Flails
  8013 | D:6      | Found a sacrificial altar of Ru.
  8015 | D:6      | Found a snail-covered altar of Cheibriados.
  8034 | D:6      | Found a white marble altar of Elyvilon.
  8034 | D:6      | Found a runed door.
  8034 | D:6      | Noticed an angel
  8254 | D:6      | Slain by a centaur

Vault maps used:
D:1:      tarquinn_simple_flora_water_a
D:2:      nicolae_dithmenos_shadow_blocks
D:3:      cheibrodos_helix_gallery, uniq_sigmund
D:5:      corexii_shack_village, first_bread, minivault_24, solitary_fountain,
          tgw_xom, uniq_eustachio
D:6:      grunt_temple_overflow_open, fedhas_bush_and_centaur_altar,
          serial_shops, shop, chequers_ossuary_entry_cave, lemuel_angel_altar
Ossuary:  ossuary_tomb_3

Skill      XL: |  1  2  3  4  5  6  7  8 |
---------------+-------------------------+-----
Conjurations   | 1 2 3 4 5 |  5.6
Fighting       | 1 2 3 4 5 |  5.3
Maces & Flails | 1 2 3 4 5 |  5.3
Spellcasting   | 4 5 |  5.9
Dodging        | 2 |  2.0
Stealth        | |  1.4
Summonings     | |  0.8
Translocations | |  0.8

Action                   |  1- 3 |  4- 6 |  7- 9 || total
-------------------------+-------+-------+-------++-------
Melee: Unarmed           |    50 |       |       ||    50
       Club              |     6 |       |       ||     6
       Mace              |     1 |     2 |       ||     3
       Flail             |       |    48 |   114 ||   162
       Giant club        |       |       |     9 ||     9
 Cast: Magic Dart        |    93 |   122 |    93 ||   308
       Call Imp          |     1 |    17 |    16 ||    34
       Blink             |     1 |     1 |     1 ||     3
       Mephitic Cloud    |       |       |     1 ||     1
  Use: Potion            |     1 |     1 |     5 ||     7
       Scroll            |     4 |     8 |     1 ||    13
 Stab: Distracted        |       |       |     1 ||     1
  Eat: Chunk             |     4 |     7 |     8 ||    19
       Fruit             |       |       |     4 ||     4
Armor: Robe              |    56 |    32 |    66 ||   154
       Skin              |       |    11 |    14 ||    25
Dodge: Dodged            |    72 |    30 |    84 ||   186

Table legend:
 A = Spawn XP
 B = Non-spawn XP
 C = Spawn XP percentage of total XP
 D = Spawn monster count
 E = Non-spawn monster count
 F = Spawn count percentage of total count
 G = Total turns spent on level
                    A         B        C        D         E        F      G
               +---------+---------+-------+---------+---------+-------+---------
         Total |       0 |    2083 |   0.0 |       0 |     143 |   0.0 |  8254
               +---------+---------+-------+---------+---------+-------+---------
           D:1 |       0 |      47 |   0.0 |       0 |      19 |   0.0 |  1227
           D:2 |       0 |      34 |   0.0 |       0 |      18 |   0.0 |  1285
           D:3 |       0 |     316 |   0.0 |       0 |      29 |   0.0 |  1100
           D:4 |       0 |     115 |   0.0 |       0 |      18 |   0.0 |   732
           D:5 |       0 |     834 |   0.0 |       0 |      35 |   0.0 |  2748
           D:6 |       0 |     590 |   0.0 |       0 |       8 |   0.0 |   632
       Ossuary |       0 |     147 |   0.0 |       0 |      16 |   0.0 |   530
               +---------+---------+-------+---------+---------+-------+---------
